 Dungeon Crawl Stone Soup version 0.21-a0-621-gc60411f (webtiles) character file.

19195 Gaball the Basher (level 12, -3/99 HPs)
             Began as a Demonspawn Abyssal Knight on Dec 23, 2017.
             Was a High Priest of Lugonu.
             Slain by Snorg (16 damage)
             ... on level 1 of the Orcish Mines.
             The game lasted 00:43:56 (15560 turns).

Gaball the Basher (Demonspawn Abyssal Knight)      Turns: 15560, Time: 00:43:57

Health: -3/99      AC: 15    Str: 21    XL:     12   Next: 34%
Magic:  18/18      EV:  6    Int: 14    God:    Lugonu [*****.]
Gold:   625        SH:  0    Dex: 16    Spells: 11/11 levels left

rFire    + + +     SeeInvis +   y - +9 flail of Upheaval {drain, rElec rPois}
rCold    + . .     Gourm    .   (no shield)
rNeg     + . .     Faith    .   e - +2 plate armour {rN+}
rPois    +         Spirit   .   (helmet unavailable)
rElec    +         Reflect  .   B - scarf {rC+ rF+}
rCorr    .         Harm     .   (no gloves)
MR       .....                  (no boots)
Stlth    ..........             (no amulet)
HPRegen  0.26/turn              z - ring of protection from fire
MPRegen  0.16/turn              (no ring)

@: mighty, berserk cooldown, hasted and slowed
A: antennae 3, icy blue scales 1, agile 1, blurry vision 1, demonic guardian 1,
fire resistance 1, flame cloud immunity
a: Depart the Abyss, Bend Space, Banish, Corrupt, Enter the Abyss, Renounce
Religion


You were on level 1 of the Orcish Mines.
You worshipped Lugonu.
Lugonu was extremely pleased with you.
You were not hungry.

You visited 2 branches of the dungeon, and saw 15 of its levels.
You visited the Abyss 1 time.
You also visited: Sewer.

You collected 952 gold pieces.
You spent 327 gold pieces at shops.

Inventory:

Hand Weapons
 a - a +1 falchion
 y - the +9 flail of Upheaval (weapon) {drain, rElec rPois}
   (You found it on level 6 of the Dungeon)

   A truly terrible weapon, it drains the life of those it strikes.
   It insulates you from electricity.
   It protects you from poison.
Armour
 b - a +0 leather armour
 e - a +2 plate armour of positive energy (worn)
 g - a +2 helmet
 A - a +1 chain mail of positive energy
 B - a scarf of resistance (worn)
Jewellery
 v - a +3 ring of protection {unknown}
 z - a ring of protection from fire (left hand)
Wands
 q - a wand of polymorph (21)
 s - a wand of enslavement (2)
 x - a wand of iceblast (11)
 E - a wand of acid (4)
 F - a wand of flame (35)
 N - a wand of random effects (26)
Scrolls
 d - 10 scrolls of remove curse
 h - 3 scrolls of enchant weapon
 j - 4 scrolls of immolation
 k - 4 scrolls of teleportation
 m - 4 scrolls of noise
 o - a scroll of fog
 p - 4 scrolls of blinking
 r - 4 scrolls of amnesia
 t - 3 scrolls of enchant armour
 J - a scroll of fear
 M - a scroll of identify
Potions
 f - 3 potions of flight
 l - a potion of berserk rage
 n - 2 potions of haste
 C - a potion of magic
 G - a potion of lignification {unknown}
 I - a potion of ambrosia {unknown}
 K - a potion of cancellation {unknown}
Books
 u - a book of Cantrips

   Spells                             Type                      Level
   a - Confusing Touch                Hexes                        1
   b - Animate Skeleton               Necromancy                   1
   c - Summon Small Mammal            Summoning                    1
   d - Apportation                    Translocation                1
 D - a book of Minor Magic

   Spells                             Type                      Level
   a - Magic Dart                     Conjuration                  1
   b - Blink                          Translocation                2
   c - Call Imp                       Summoning                    2
   d - Slow                           Hexes                        2
   e - Conjure Flame                  Conjuration/Fire             3
   f - Mephitic Cloud                 Conjuration/Poison/Air       3
Miscellaneous
 H - a crystal ball of energy
Comestibles
 c - 15 rations


   Skills:
 - Level 10.7 Fighting
 - Level 6.3 Long Blades
 + Level 13.2 Maces & Flails
 + Level 3.9 Armour
 - Level 0.8 Dodging
 + Level 8.9 Invocations


You had 11 spell levels left.
You didn't know any spells.

Dungeon Overview and Level Annotations

Branches:
Dungeon (13/15)            Temple (0/1) D:6            Lair (0/6) D:10
    Orc (2/2) D:9             Elf (0/3) Orc:2
 Vaults: D:13-14

Altars:
Ashenzari
Cheibriados
Fedhas
Gozag
Kikubaaqudgha
Nemelex Xobeh
Qazlal
Ru
Trog
Uskayaw
Vehumet
Wu Jian

Shops:
D:5 !   D:9 [*}::   D:10 (

Annotations:
D:2 2 transporters
Orc:1 Snorg
Orc:2 corrupted


Innate Abilities, Weirdness & Mutations

You have a pair of large antennae on your head. (SInv)
You are partially covered in icy blue scales. (AC +2)
A weak demonic guardian rushes to your aid.
Your flesh is heat resistant. (rF+)
You are immune to clouds of flame.
You are agile. (Dex +2)
Scrolls take you a little longer to read.


Message History

Snorg claws you but does no damage. Snorg bites you but does no damage.
Snorg claws you!
* * * LOW HITPOINT WARNING * * *
Snorg closely misses you.
Found a spear and a halberd.
You feel better. Snorg completely misses you. Snorg claws you.
* * * LOW HITPOINT WARNING * * *
Snorg claws you.
* * * LOW HITPOINT WARNING * * *
Snorg completely misses you. Snorg claws you.
* * * LOW HITPOINT WARNING * * *
Snorg claws you.
* * * LOW HITPOINT WARNING * * *
Found a spear.
You feel better. Snorg completely misses you.
Snorg claws you but does no damage. Snorg claws you.
* * * LOW HITPOINT WARNING * * *
You feel very mighty all of a sudden. Snorg bites you!
You die...

...####..##
###....#..$.#
..........#
#.......#
##......###
#.........# . .
#.........###
)...##.T###....$#
∩).....@.##....##
).......###>....#
........)##)...##
....#.....#)....#
....##....))...##
... #.#......##
.# ###....###
#....## ###.##


You could see Snorg (berserk).

Vanquished Creatures
  Josephine (D:10)
  2 two-headed ogres (D:9)
  2 unseen horrors
  A salamander (D:13)
  3 ugly things
  2 elephants
  4 centaur zombies
  Maurice (D:9)
  A troll (D:9)
  2 hornets
  2 hippogriffs
  4 wraiths
  A wyvern (D:12)
  4 fire bats (D:12)
  A human (D:8)
  10 yaks
  A vampire (D:11)
  A basilisk (D:10)
  3 hogs (D:8)
  A steam dragon (D:10)
  A soldier ant (D:11)
  2 wargs
  A hell hound (D:12)
  4 sky beasts
  2 ice beasts
  9 orc warriors
  A black bear (D:8)
  3 eyes of draining
  2 phantoms (D:9)
  7 ogres
  A necrophage (D:6)
  2 centaurs
  2 crocodiles
  6 big kobolds
  4 gnoll sergeants
  3 bullfrogs
  4 scorpions
  10 killer bees
  8 wights
  A howler monkey (D:11)
  6 crimson imps
  A bullfrog zombie (D:6)
  2 lava snakes (D:12)
  2 quasits
  3 hounds
  4 jellies
  4 orc priests
  A centaur skeleton (D:5)
  2 bullfrog skeletons (D:6)
  An iguana (D:6)
  9 orc wizards
  6 worker ants
  A hound zombie (D:8)
  A hound skeleton (D:8)
  A howler monkey skeleton (D:5)
  A worker ant zombie (D:5)
  14 gnolls
  12 adders
  4 shadow imps
  An adder zombie (D:7)
  2 adder skeletons (D:9)
  2 worms (D:4)
  2 dart slugs
  8 leopard geckos
  40 orcs
  4 ball pythons
  8 giant cockroaches
  5 goblins
  10 hobgoblins
  5 jackals
  23 kobolds
  5 quokkas
  5 bats
  7 frilled lizards
  A leopard gecko zombie (D:6)
  7 rats
  A fire vortex (D:12)
331 creatures vanquished.

Vanquished Creatures (collateral kills)
  A manticore (D:12)
  A komodo dragon (D:12)
  A troll (D:6)
  A hippogriff (D:10)
  A wraith (D:10)
  A hog (D:8)
  An orc warrior (D:9)
  An ice beast (D:5)
  A centaur (D:9)
  An ogre (D:9)
  A big kobold (D:11)
  A hound (D:6)
  An orc priest (D:8)
  A worker ant (D:5)
  2 adders (D:12)
  A gnoll (D:9)
  3 kobolds (D:10)
20 creatures vanquished.

Vanquished Creatures (others)
  An orc warlord (Orc:2)
  2 orc high priests (Orc:2)
  2 orc knights (Orc:2)
  4 orc sorcerers (Orc:2)
  8 orc warriors (Orc:2)
  6 orc priests (Orc:2)
  8 orc wizards (Orc:2)
  9 orcs (Orc:2)
  2 fire vortices (D:12)
  6 starspawn tentacles (Orc:2)
48 creatures vanquished.

Grand Total: 399 creatures vanquished

Notes
Turn   | Place    | Note
-------+----------+-------------------------------------------
     0 | Abyss:1  | Gaball the Demonspawn Abyssal Knight began the quest for the Orb.
     0 | Abyss:1  | Reached XP level 1. HP: 18/18 MP: 2/2
    65 | Abyss:2  | Noticed a sixfirhy
    66 | D:1      | Escaped the Abyss
   419 | D:1      | Gained mutation: Your flesh is heat resistant. (rF+) [demonic ancestry]
   419 | D:1      | Reached XP level 2. HP: 24/24 MP: 3/3
   547 | D:1      | Reached * piety under Lugonu
   924 | D:2      | Gained mutation: You have a pair of small antennae on your head. [demonic ancestry]
   924 | D:2      | Reached XP level 3. HP: 29/29 MP: 4/4
   969 | D:2      | HP: 1/29 [poisoned by an adder]
  1193 | D:2      | Found a hide-covered altar of Uskayaw.
  1193 | D:2      | Found a shattered altar of Ashenzari.
  1759 | D:2      | Found a transporter.
  1763 | D:2      | Found a snail-covered altar of Cheibriados.
  1764 | D:2      | Noticed a centaur
  1779 | D:2      | Found a transporter.
  1797 | D:2      | Gained mutation: You are partially covered in icy blue scales. (AC +2) [demonic ancestry]
  1797 | D:2      | Reached XP level 4. HP: 34/35 MP: 5/5
  2383 | D:3      | Reached ** piety under Lugonu
  2859 | D:4      | Found a glowing drain.
  2888 | Sewer    | Entered a sewer
  3074 | Sewer    | Noticed Purgy
  3103 | Sewer    | Gained mutation: Scrolls take you a little longer to read. [potion of mutation]
  3103 | Sewer    | Gained mutation: You are agile. (Dex +2) [potion of mutation]
  3103 | Sewer    | Gained mutation: You have a pair of antennae on your head. [potion of mutation]
  3463 | D:4      | Gained mutation: A weak demonic guardian rushes to your aid. [demonic ancestry]
  3463 | D:4      | Reached XP level 5. HP: 38/41 MP: 6/6
  3569 | D:4      | Reached skill level 5 in Long Blades
  4029 | D:5      | Entered Level 5 of the Dungeon
  4066 | D:5      | Found Piodgh's Distillery.
  4079 | D:5      | Bought a potion of curing for 36 gold pieces
  4079 | D:5      | Bought a potion of berserk rage for 60 gold pieces
  4079 | D:5      | Bought a potion of heal wounds for 60 gold pieces
  4079 | D:5      | Bought a potion of might for 48 gold pieces
  4079 | D:5      | Bought a potion of might for 48 gold pieces
  4096 | D:5      | Noticed a water elemental
  4098 | D:5      | Found a stormy altar of Qazlal.
  4099 | D:5      | Noticed an air elemental
  4099 | D:5      | Noticed a fire elemental
  4227 | D:5      | Noticed an ice beast
  4246 | D:5      | Killed an ice beast
  4657 | D:5      | Reached XP level 6. HP: 40/47 MP: 7/7
  4947 | D:5      | Found an opulent altar of Gozag.
  4948 | D:5      | Found a sparkling altar of Nemelex Xobeh.
  5199 | D:6      | Got an ichor-stained flail
  5204 | D:6      | Identified the +9 flail of Upheaval {drain, rElec rPois} (You found it on level 6 of the Dungeon)
  5236 | D:6      | Reached skill level 1 in Maces & Flails
  5256 | D:6      | Reached skill level 2 in Maces & Flails
  5271 | D:6      | Gained mutation: You are immune to clouds of flame. [demonic ancestry]
  5271 | D:6      | Reached XP level 7. HP: 41/52 MP: 8/8
  5441 | D:6      | Reached skill level 3 in Maces & Flails
  5494 | D:6      | Reached skill level 4 in Maces & Flails
  5716 | D:6      | Found a staircase to the Ecumenical Temple.
  5726 | D:6      | Noticed a troll
  5737 | D:6      | Killed a troll
  5737 | D:6      | Reached *** piety under Lugonu
  5737 | D:6      | Reached skill level 5 in Maces & Flails
  5886 | D:6      | Found an ornate altar of the Wu Jian Council.
  6024 | D:6      | Found an ancient bone altar of Kikubaaqudgha.
  6025 | D:6      | Found a blossoming altar of Fedhas.
  6303 | D:7      | Mutation became permanent: You have a pair of small antennae on your head. [demonic ancestry]
  6303 | D:7      | Gained mutation: You have a pair of antennae on your head. [demonic ancestry]
  6303 | D:7      | Reached XP level 8. HP: 58/58 MP: 9/9
  6342 | D:7      | Reached skill level 6 in Maces & Flails
  6368 | D:7      | Found a bloodstained altar of Trog.
  6472 | D:7      | Found a radiant altar of Vehumet.
  6561 | D:7      | You fall through a shaft!
  6722 | D:7      | Reached skill level 7 in Maces & Flails
  6861 | D:8      | Reached skill level 8 in Maces & Flails
  7073 | D:8      | Noticed a hippogriff
  7157 | D:8      | Noticed a hippogriff
  7167 | D:8      | Noticed a raiju
  7167 | D:8      | a hippogriff changed into a raiju
  7168 | D:8      | a raiju changed into a hog
  7178 | D:8      | Reached XP level 9. HP: 48/63 MP: 10/10
  7233 | D:8      | Reached skill level 9 in Maces & Flails
  7336 | D:8      | Reached **** piety under Lugonu
  7649 | D:9      | Noticed Maurice
  7670 | D:9      | Found Duacek's Gadget Emporium.
  7670 | D:9      | Noticed a two-headed ogre
  7742 | D:9      | Killed Maurice
  7742 | D:9      | Reached skill level 5 in Fighting
  7742 | D:9      | Reached skill level 10 in Maces & Flails
  7875 | D:9      | Killed a two-headed ogre
  7875 | D:9      | Reached XP level 10. HP: 46/77 MP: 11/11
  7888 | D:9      | Noticed a two-headed ogre
  7948 | D:9      | Found Kimang's Book Shoppe.
  8036 | D:9      | Killed a two-headed ogre
  8046 | D:9      | Found Lyshri's General Store.
  8053 | D:9      | Bought a scroll of blinking for 75 gold pieces
  8115 | D:9      | Found a staircase to the Orcish Mines.
  8124 | D:9      | Reached skill level 11 in Maces & Flails
  8457 | D:9      | Found a sacrificial altar of Ru.
  8471 | D:9      | Found Mukluno's Book Emporium.
  8999 | D:9      | Found Gyihof's Armour Shoppe.
  9103 | D:10     | Entered Level 10 of the Dungeon
  9267 | D:10     | Noticed an elephant
  9374 | D:9      | Reached XP level 11. HP: 68/89 MP: 12/12
  9639 | D:10     | Reached ***** piety under Lugonu
  9639 | D:10     | Reached skill level 12 in Maces & Flails
  9752 | D:10     | Found a staircase to the Lair.
  9796 | D:10     | Found Umax's Weapon Shop.
 10220 | D:10     | Noticed Josephine
 10242 | D:10     | Killed Josephine
 10577 | D:10     | Found a sacrificial altar of Ru.
 10827 | D:11     | Reached skill level 10 in Fighting
 11096 | D:11     | Reached skill level 5 in Invocations
 11402 | D:11     | Noticed a purple ugly thing
 11435 | D:11     | Killed a purple ugly thing
 11574 | D:11     | Killed an unseen horror
 12090 | D:12     | Noticed a brown ugly thing
 12108 | D:12     | Killed a brown ugly thing
 12329 | D:12     | Killed an unseen horror
 12421 | D:12     | Paralysed by a hornet for 2 turns
 12426 | D:12     | Paralysed by a hornet for 1 turns
 12634 | D:12     | Noticed a two-headed ogre
 12680 | D:12     | Noticed a green ugly thing
 13039 | D:12     | Killed a green ugly thing
 13039 | D:12     | Gained mutation: You have a pair of large antennae on your head. (SInv) [demonic ancestry]
 13039 | D:12     | Reached XP level 12. HP: 91/99 MP: 17/17
 13552 | D:12     | Reached skill level 13 in Maces & Flails
 13643 | D:12     | Reached ****** piety under Lugonu
 14003 | D:13     | Noticed Nessos
 14008 | D:13     | Noticed Nessos
 14008 | D:13     | Nessos changed into Nessos the salamander
 14021 | D:13     | Killed Nessos the salamander
 14260 | Orc:1    | Entered Level 1 of the Orcish Mines
 14412 | Orc:2    | Entered Level 2 of the Orcish Mines
 14699 | Orc:2    | Found a staircase to the Elven Halls.
 14783 | Orc:2    | Corrupted Orc:2
 14783 | Orc:2    | Noticed a starcursed mass
 14783 | Orc:2    | Noticed a starcursed mass
 14783 | Orc:2    | Noticed a tentacled starspawn
 14784 | Orc:2    | Noticed a starcursed mass
 14784 | Orc:2    | Noticed a lich
 14784 | Orc:2    | Noticed a tentacled starspawn
 14784 | Orc:2    | Noticed a starcursed mass
 14784 | Orc:2    | Noticed a lorocyproca
 14790 | Orc:2    | Killed an orc high priest
 14810 | Orc:2    | Killed an orc warlord
 14834 | Orc:2    | Killed an orc high priest
 14862 | Orc:2    | Noticed a tentacled starspawn
 14893 | Orc:2    | Noticed a lorocyproca
 14963 | Orc:2    | Noticed an orc warlord
 15497 | Orc:2    | HP: 4/99 [orc warlord/battleaxe of venom (23)]
 15546 | Orc:1    | Noticed Snorg
 15560 | Orc:1    | Slain by Snorg

Vault maps used:
D:1:      dpeg_arrival_fog
D:2:      gammafunk_temple_overflow_arena, gammafunk_temple_overflow_elements,
          kennysheep_generic_room_5
D:3:      minmay_goblin_outpost
D:4:      first_ration, cheibrodos_sewer_entry_drain, minivault_11
D:5:      grunt_temple_overflow_opulence, nicolae_qazlal_style_of_elements,
          serial_shops, shop_coins
D:6:      grunt_temple_overflow_growth_and_decay, marbit_many_paths,
          minmay_temple_entry_mist
D:7:      old_standard_altar, basic_altar
D:8:      grunt_livestock, minmay_crystal_water
D:9:      kennysheep_orc_monster_closet_entryway, serial_shops, shop,
          shop_fountains, shop, nicolae_shop_crystal, nicolae_shop_statue_plus,
          nicolae_ru_the_path_less_chosen, uniq_maurice
D:10:     david_lair_generic, basic_altar, serial_shops, kennysheep_mini,
          uniq_josephine
D:11:     grunt_ministairs_8
D:12:     hangedman_incinerator
D:13:     erik_vaults_1, uniq_nessos, uniq_urug
Orc:1:    enter_bailey_2, uniq_snorg
Orc:2:    st_orc_congregation
Sewer:    sewer_the_crocodile

Skill      XL: |  1  2  3  4  5  6  7  8  9 10 11 12 |
---------------+-------------------------------------+-----
Long Blades    | 2 3 4 5 6 |  6.3
Maces & Flails | 2 5 8 10 11 12 13 | 13.2
Fighting       | 6 9 10 | 10.7
Invocations    | 7 8 |  8.9
Armour         | 2 3 |  3.9
Dodging        | |  0.8

Action                   |  1- 3 |  4- 6 |  7- 9 | 10-12 || total
-------------------------+-------+-------+-------+-------++-------
Melee: Falchion          |   185 |   254 |       |       ||   439
       Flail             |       |    22 |   221 |   637 ||   880
Invok: Depart the Abyss  |     1 |       |       |       ||     1
       Bend Space        |       |     1 |       |       ||     1
       Corrupt           |       |       |       |     1 ||     1
Evoke: Wand              |       |     4 |     8 |    22 ||    34
  Use: Potion            |       |     4 |       |    15 ||    19
       Scroll            |       |     4 |     3 |     5 ||    12
 Stab: Distracted        |       |       |       |     4 ||     4
  Eat: Chunk             |     1 |     2 |    10 |    15 ||    28
       Ration            |       |     3 |       |     3 ||     6
Armor: Plate armour      |   193 |   300 |   186 |   473 ||  1152
Dodge: Dodged            |    48 |    41 |    50 |   130 ||   269
       Rpst.: Falchion   |    16 |     6 |       |       ||    22

Table legend:
 A = Spawn XP
 B = Non-spawn XP
 C = Spawn XP percentage of total XP
 D = Spawn monster count
 E = Non-spawn monster count
 F = Spawn count percentage of total count
 G = Total turns spent on level
                    A         B        C        D         E        F      G
               +---------+---------+-------+---------+---------+-------+---------
         Total |       0 |   27422 |   0.0 |       0 |     350 |   0.0 | 15560
               +---------+---------+-------+---------+---------+-------+---------
           D:1 |       0 |      34 |   0.0 |       0 |      22 |   0.0 |   927
           D:2 |       0 |      65 |   0.0 |       0 |      16 |   0.0 |  1072
           D:3 |       0 |      52 |   0.0 |       0 |      21 |   0.0 |   558
           D:4 |       0 |      99 |   0.0 |       0 |       8 |   0.0 |  1140
           D:5 |       0 |     193 |   0.0 |       0 |      14 |   0.0 |  1135
           D:6 |       0 |     935 |   0.0 |       0 |      27 |   0.0 |  1039
           D:7 |       0 |     653 |   0.0 |       0 |      17 |   0.0 |   643
           D:8 |       0 |    2082 |   0.0 |       0 |      30 |   0.0 |  1104
           D:9 |       0 |    5723 |   0.0 |       0 |      46 |   0.0 |  1581
          D:10 |       0 |    4699 |   0.0 |       0 |      35 |   0.0 |  1112
          D:11 |       0 |    5414 |   0.0 |       0 |      48 |   0.0 |  1743
          D:12 |       0 |    5270 |   0.0 |       0 |      32 |   0.0 |  1631
          D:13 |       0 |     745 |   0.0 |       0 |       4 |   0.0 |   203
         Orc:1 |       0 |    1029 |   0.0 |       0 |      21 |   0.0 |   695
         Orc:2 |       0 |     419 |   0.0 |       0 |       4 |   0.0 |   605
         Sewer |       0 |      10 |   0.0 |       0 |       5 |   0.0 |   306
               +---------+---------+-------+---------+---------+-------+---------
